 Dungeon Crawl Stone Soup version 0.31-a0-700-gf13585253f (webtiles) character file.

Game seed: 5771832801451884193

407 GigaChad the Shield-Bearer (level 7, 0/55 HPs)
             Began as a Formicid Fighter on Sept 7, 2023.
             Succumbed to an adder's poison
             ... on level 4 of the Dungeon.
             The game lasted 00:03:50 (2581 turns).

GigaChad the Shield-Bearer (Formicid Fighter)       Turns: 2581, Time: 00:03:51

Health: 0/55       AC:  7    Str: 22    XL:     7   Next: 12%
Magic:  7/7        EV:  7    Int:  8    God:
Gold:   202        SH: 14    Dex: 13    Spells: 6/6 levels left

rFire   . . .        a - +0 war axe
rCold   . . .        h - +0 tower shield
rNeg    . . .        b - +0 scale mail
rPois   .            (helmet unavailable)
rElec   .            (no cloak)
rCorr   .            (no gloves)
SInv    +            (no boots)
Will    .....        (no amulet) Stlth
                     (no ring)
HPRegen 0.29/turn    (no ring)
MPRegen 0.10/turn

%: no passive effects
@: lethally poisoned (0 -> -1)
A: permanent stasis, dig shafts and tunnels, antennae 3, four strong arms
a: Dig, Shaft Self


You were on level 4 of the Dungeon.
You visited 1 branch of the dungeon, and saw 4 of its levels.

You collected 265 gold pieces.
You spent 63 gold pieces at shops.

Inventory:

Hand Weapons
 a - a +0 war axe (weapon)
 k - a +1 flail of protection
Armour
 b - a +0 scale mail (worn)
 c - a +0 buckler
 h - a +0 tower shield (worn)
Scrolls
 i - a scroll of amnesia
 l - 2 scrolls of poison
 o - 2 scrolls of revelation
Potions
 d - a potion of might
 f - a potion of lignification
 j - a potion of berserk rage {unknown}
 m - a potion of mutation {unknown}
 n - a potion of invisibility {unknown}


   Skills:
 * Level 4.4 Fighting
 * Level 4.7 Axes
 * Level 4.5 Armour
 * Level 6.1 Shields


You had 6 spell levels left.
You didn't know any spells.
Your spell library contained the following spells:

 Spells                   Type           Power      Damage    Failure   Level
 Summon Guardian Golem    Hex/Summ       0%         N/A       100%        3
 Orb of Destruction       Conj           0%         9d5       100%        7
 Spellforged Servitor     Conj/Summ      0%         N/A       100%        7


Dungeon Overview and Level Annotations

Branches:
Dungeon (4/15)
 Temple: D:4-7

Altars:
Vehumet
Yredelemnul

Shops:
D:1 [


Innate Abilities, Weirdness & Mutations

You cannot be hasted, slowed, berserked, paralysed or teleported.
You can dig through walls and to a lower floor.
You have a pair of large antennae on your head. (SInv)
Your four strong arms can wield two-handed weapons with a shield.


Message History

You block the river rat's attack. You block the ogre's attack.
The adder bites you but does no damage. The river rat barely misses you.
The adder bites you but does no damage.
Unknown command.
You hit the ogre.
The ogre is severely wounded.
You barely miss the river rat. You miss the adder. You block the ogre's attack.
The adder bites you but does no damage. The river rat bites you!
The adder bites you but does no damage.
Unknown command.
You slash the ogre!
The ogre is almost dead.
You hit the river rat but do no damage. You closely miss the adder.
The river rat barely misses you. You block the ogre's attack.
You block the adder's attack. You block the river rat's attack.
The adder bites you but does no damage.
Unknown command.
You hit the ogre.
The ogre is almost dead.
You barely miss the adder. You barely miss the river rat.
You block the ogre's attack. You block the adder's attack.
The river rat closely misses you. The adder bites you.
You are poisoned.
The adder poisons you!
Unknown command.
You slash the ogre!
You kill the ogre!
You hit the river rat but do no damage. You miss the adder.
You feel sick. The river rat bites you.
* * * LOW HITPOINT WARNING * * *
The adder bites you but does no damage. You block the river rat's attack.
The adder barely misses you.
Your Shields skill increases to level 6!
You have reached level 7!
A rat comes into view.
You feel sick. The adder closely misses you. The river rat bites you!
* * * LOW HITPOINT WARNING * * *
You see here a river rat corpse.
Unknown command.
You die...

##.#.)....#.##. ##
#...#....#'#....##.
{~
#..)#...##.##...##.
#r#~..#...#...#...#..
#~#~..#..#######....#
#~~~~.#..# { #.#..
#~#~..#..#{ '. ..
#~~~.r#.## #.@†..#{ {
{ #~~~.S).+ {
#~~.....# { ####....#
#.....#{ #####.# { .#
..


You could see an adder, a river rat and a rat.

Vanquished Creatures
  An ogre (D:4)
  A howler monkey (D:4)
  A jelly (D:4)
  2 orc priests
  A hound (D:4)
  An orc wizard (D:4)
  5 adders
  A river rat (D:4)
  2 worms (D:3)
  7 orcs
  5 ball pythons
  2 endoplasms
  5 giant cockroaches
  4 goblins
  4 hobgoblins
  8 jackals
  2 quokkas
  8 bats
  2 frilled lizards
  7 kobolds
  3 rats
72 creatures vanquished.

Notes
Turn   | Place    | Note
-------+----------+-------------------------------------------
     0 | D:1      | GigaChad the Formicid Fighter began the quest for the Orb.
     0 | D:1      | Reached XP level 1. HP: 18/18 MP: 1/1
    56 | D:1      | Reached XP level 2. HP: 22/24 MP: 2/2
   383 | D:1      | Found a faded altar of an unknown god.
   515 | D:1      | Reached XP level 3. HP: 29/29 MP: 3/3
   721 | D:1      | Found Nauhumef's Armour Shop.
   739 | D:1      | Bought a +0 tower shield for 63 gold pieces
  1159 | D:2      | Reached XP level 4. HP: 35/37 MP: 4/4
  1605 | D:2      | Reached skill level 5 in Shields
  1748 | D:3      | Reached XP level 5. HP: 30/42 MP: 5/5
  2287 | D:4      | Reached XP level 6. HP: 48/48 MP: 6/6
  2304 | D:4      | Found a basalt altar of Yredelemnul.
  2304 | D:4      | Found a radiant altar of Vehumet.
  2568 | D:4      | Noticed an ogre
  2579 | D:4      | Killed an ogre
  2580 | D:4      | Reached skill level 6 in Shields
  2580 | D:4      | Reached XP level 7. HP: 8/55 MP: 7/7
  2580 | D:4      | HP: 1/55 [river rat (7)]
  2581 | D:4      | Succumbed to an adder's poison

Illustrated notes

Levels and vault maps discovered:
D:1:      dpeg_arrival_prison, layout_basic, serial_shops,
          nicolae_shop_window_shopping, hellmonk_ecumenical_altar_arch_garden
D:2:      layout_loops_ring, nicolae_underground_beach
D:3:      kennysheep_big_flooded_room, layout_rooms
D:4:      layout_rooms, mainiacjoe_overflow_divided_tiny,
          lemuel_mausoleum_altar_kikubaaqudgha, serial_shops,
          nicolae_diamond_shop, lightli_sewer_entry_pipes, serial_bayou_pond_d,
          minmay_divided_ellipse, uniq_sigmund

Skill      XL: |  1  2  3  4  5  6 |
---------------+-------------------+-----
Shields        | 5 6 |  6.1
Axes           | 3 4 |  4.7
Armour         | 4 |  4.5
Fighting       | 4 |  4.4

Action                     |  1- 3 |  4- 6 |  7- 9 || total
---------------------------+-------+-------+-------++-------
  Melee: War axe           |    85 |   106 |       ||   191
    Use: Scroll            |       |     5 |       ||     5
 Armour: Scale mail        |    60 |    71 |     1 ||   132
  Dodge: Dodged            |    32 |    33 |     1 ||    66
  Block: Buckler           |    15 |       |       ||    15
         Tower shield      |    40 |   123 |       ||   163

Table legend: (Time is in decaauts)
 A = Elapsed time spent in this place.
 B = Non-inter-level travel time spent in this place.
 C = Inter-level travel time spent in this place.
 D = Time resting spent in this place.
 E = Time spent auto-exploring this place.
 F = Levels seen in this place.
 G = Mean time per level.
                   A        B        C        D        E       F      G
               +--------+--------+--------+--------+--------+-----+--------+
         Total |   2688 |   2579 |    109 |    179 |   1850 |   4 |  672.0 |
       Dungeon |   2688 |   2579 |    109 |    179 |   1850 |   4 |  672.0 |
               +--------+--------+--------+--------+--------+-----+--------+

Top non-repeatable levels by time:
     D:1: 993 daAuts
     D:2: 721 daAuts
     D:3: 598 daAuts
     D:4: 374 daAuts
